 Dungeon Crawl Stone Soup version 0.30-a0-1116-gebefce21f7 (webtiles) character file.

Game seed: 4872205049261549197

17651 themarg the Zephyrmancer (level 12, 0/106 HPs)
             Began as a Demonspawn Air Elementalist on Apr 21, 2023.
             Was an Elder of Vehumet.
             Killed by divine providence
             ... invoked by a meliai
              (15 damage)
             ... in a Gauntlet.
             The game lasted 00:46:44 (15539 turns).

themarg the Zephyrmancer (DsAE)                    Turns: 15539, Time: 00:46:45

Health: 0/106      AC: 19    Str: 10    XL:     12   Next: 20%
Magic:  19/19      EV: 13    Int: 24    God:    Vehumet [****..]
Gold:   709        SH:  5    Dex: 14    Spells: 4/21 levels left

rFire   + . .      SeeInvis +    F - +2 war axe (elec)
rCold   + . .      Faith    .    E - +0 buckler
rNeg    . . .      Spirit   .    S - +0 troll leather armour
rPois   .          Reflect  .    (helmet restricted)
rElec   .          Rampage  .    (no cloak)
rCorr   +          NoTele   +    (no gloves)
Will    .....                    r - +2 pair of boots
Stlth   ++                       w - amulet of magic regeneration
HPRegen 1.17/turn                f - ring of protection from fire
MPRegen 0.56/turn                q - ring of Foolhardiness {+Blink rC+ rCorr Int+4 SInv}

@: sanguine armoured
A: antennae 2, foul stench 2, powered by death 1, robust 1, sanguine armour 3
a: Renounce Religion, Evoke Blink


You were in a Gauntlet.
You worshipped Vehumet.
Vehumet was greatly pleased with you.
You visited 3 branches of the dungeon, and saw 13 of its levels.
You also visited: Gauntlet.

You collected 709 gold pieces.

Inventory:

Hand Weapons
 g - a +2 dagger of protection
 x - a +0 vampiric dagger
 F - a +2 war axe of electrocution (weapon)
 K - the +4 war axe "Hiut" {freeze, rC+ Str-3 Dex+3}
   (You found it on level 8 of the Dungeon)

   Str:       It affects your strength (-3).
   Dex:       It affects your dexterity (+3).
   rC:        It protects you from cold.
Missiles
 d - 49 stones (quivered)
 H - 6 boomerangs
 I - 9 poisoned darts
 N - 5 javelins
 P - 5 curare-tipped darts
Armour
 a - the +0 leather armour of the Butcher {SInv}
   (You found it on level 10 of the Dungeon)

   SInv:      It lets you see invisible.
 p - a +0 kite shield
 r - a +2 pair of boots (worn)
 E - a +0 buckler (worn)
 S - a +0 troll leather armour (worn)
Jewellery
 f - a ring of protection from fire (left hand)
 o - a +5 ring of evasion
 q - the ring of Foolhardiness (right hand) {+Blink rC+ rCorr Int+4 SInv}
   (You found it in a Gauntlet)

   [ring of protection from cold]

   Int:       It affects your intelligence (+4).
   rC:        It protects you from cold.
   SInv:      It lets you see invisible.
   +Blink:    It lets you blink.
   rCorr:     It protects you from acid and corrosion.
 w - an amulet of magic regeneration (around neck)
 B - a +6 ring of strength
 D - a ring of flight
 G - a ring of magical power
 M - a +6 ring of dexterity
Wands
 y - a wand of paralysis (9)
 J - a wand of flame (29)
 L - a wand of iceblast (6)
Scrolls
 c - 3 scrolls of immolation
 i - a scroll of enchant weapon
 k - 3 scrolls of fear
 l - a scroll of fog
 t - 4 scrolls of amnesia
 u - 6 scrolls of teleportation
 v - a scroll of torment
 z - a scroll of blinking
Potions
 b - 2 potions of invisibility
 e - 2 potions of berserk rage
 h - a potion of might
 j - 2 potions of curing
 m - 2 potions of lignification
 n - a potion of mutation
 s - 2 potions of brilliance
 A - a potion of magic
 C - 2 potions of attraction
 Q - a potion of ambrosia {unknown}
 R - a potion of resistance
 T - a potion of degeneration {unknown}
Miscellaneous
 O - a phial of floods


   Skills:
 + Level 9.9 Fighting
 - Level 2.0 Throwing
 - Level 5.0 Dodging
 - Level 3.0 Stealth
 - Level 5.0 Shields
 - Level 5.0 Spellcasting
 - Level 6.0 Conjurations
 - Level 4.0 Summonings
 - Level 10.0 Air Magic
 - Level 6.0 Earth Magic
 - Level 3.0 Poison Magic
 - Level 2.0 Evocations


You had 4 spell levels left.
You knew the following spells:

 Your Spells              Type           Power      Damage    Failure   Level
a - Shock                 Conj/Air       100%       1d9       1%          1
b - Static Discharge      Conj/Air       88%        2-6/arc   1%          2
c - Airstrike             Air            26%        2d(4-20)  1%          4
d - Stone Arrow           Conj/Erth      68%        3d11      1%          3
e - Summon Lightning Spi  Summ/Air       39%        N/A       9%          4
f - Mephitic Cloud        Conj/Pois/Air  36%        N/A       1%          3

Your spell library contained the following spells:

 Spells                   Type           Power      Damage    Failure   Level
 Inner Flame              Hex/Fire       6%         N/A       12%         3
 Swiftness                Air            52%        N/A       1%          3
 Scorch                   Fire           12%        2d6       6%          2
 Flame Wave               Conj/Fire      20%        2d7       12%         4
 Beastly Appendage        Tmut           12%        N/A       16%         1
 Animate Armour           Summ/Erth      60%        N/A       19%         4
 Ensorcelled Hibernation  Hex/Ice        12%        N/A       22%         2
 Lesser Beckoning         Tloc           12%        N/A       22%         2
 Wereblood                Tmut           6%         N/A       22%         2
 Spider Form              Tmut/Pois      13%        N/A       24%         3
 Gell's Gravitas          Tloc           6%         N/A       41%         3
 Teleport Other           Tloc           6%         N/A       41%         3
 Anguish                  Hex/Necr       3%         N/A       83%         4
 Summon Cactus Giant      Summ           12%        N/A       99%         6
 Lehudib's Crystal Spear  Conj/Erth      17%        10d5      100%        8


Dungeon Overview and Level Annotations

Branches:
Dungeon (11/15)            Temple (1/1) D:4            Lair (1/5) D:9
    Orc (0/2) D:10        Gauntlet (1/1)

Altars:
Ashenzari
Cheibriados
Dithmenos
Fedhas
Gozag
Hepliaklqana
Kikubaaqudgha
Makhleb
Okawaru
Qazlal
Ru
Sif Muna
Trog
Uskayaw
Vehumet
Wu Jian
Xom
Yredelemnul

Shops:
D:8 (

Annotations:
D:4 1 runed translucent door, Grieffels's ghost, amateur DsBe
D:5 3 runed translucent doors, Keeumabr's ghost, novice GnTm
D:7 3 runed translucent doors, Yelwes's ghost, novice DjTm
D:11 3 runed translucent doors, Nutipyim's ghost, journeyman HOFi Gauntlet 9 transporters


Innate Abilities, Weirdness & Mutations

You have a pair of antennae on your head.
You sometimes emit foul miasma when damaged in melee.
You regenerate a little health from kills.
You are robust. (+10% HP)
When seriously injured, your blood forms very thick armour. (AC +12)


Message History

You block the meliai's attack. The meliai stings you.
* * * LOW HITPOINT WARNING * * *
The meliai attacks as you move away! The meliai barely misses you.
The meliai completely misses you. The meliai barely misses you.
The meliai hits your lightning spire but does no damage.
The meliai stings you but does no damage.
The meliai calls upon its god to heal the meliai.
The meliai is healed somewhat.
Your lightning spire shoots out a bolt of lightning at the meliai!
The bolt of electricity hits the meliai!
The bolt of electricity hits the meliai.
You slash the meliai!
You kill the meliai!
Vehumet accepts your kill.
Your lightning spire shoots out a bolt of lightning at the meliai!
The bolt of electricity misses the meliai.
The meliai closely misses you.
The meliai hits your lightning spire with a +0 hand axe!
The meliai stings you but does no damage.
You barely miss the meliai.
The meliai is lightly wounded.
You block the meliai's attack.
The meliai completely misses your lightning spire.
The meliai misses you. The meliai closely misses you.
The meliai hits your lightning spire with a +0 hand axe!
The meliai stings you but does no damage.
The meliai closely misses you.
The meliai hits your lightning spire but does no damage.
The meliai stings you but does no damage.
You hit the meliai.
The meliai is moderately wounded.
The meliai hits you with a +0 hand axe.
* * * LOW HITPOINT WARNING * * *
The meliai hits your lightning spire with a +0 hand axe.
The meliai closely misses you. x2
The meliai hits your lightning spire but does no damage.
You block the meliai's attack.
The meliai calls down the wrath of its god upon you.
Something smites you!
You die...

.#.©.#.....###########...≈#
########...#..#......#...##
#..#.#.#...#...#.....#...§#
.##.#.##...#...#....##...##
#..##.##...#....#©##.#...§#
#.#©.#.#.8.#...###...#.8.##
.#..##.#...#.##.#....#...≈#
t###..##...##...y#...#...##
#[$©?.##...#...8@#...#...≈#
########...#[..[©.#."#...##
...........###########..§≈#
...8.....8..............§##
................8......8.≈#
########≈#......§§§......##
.......####≈#≈#≈#§#§#≈#≈##
.8.8.8. ###############
©.©.©.


You could see a meliai (ally target) and a friendly lightning spire (summoned).

Vanquished Creatures
  A quicksilver ooze (Gauntlet)
  Erica (D:8)
  A two-headed ogre (D:10)
  A catoblepas (Lair:1)
  Pikel (D:7)
  An ugly thing (D:9)
  2 cyclopes (D:11)
  4 elephants (Lair:1)
  Maggie (D:9)
  A gargoyle (D:7)
  A kobold demonologist (D:10)
  A komodo dragon (Lair:1)
  2 trolls
  2 meliai (Gauntlet)
  2 hornets
  3 blink frogs (Lair:1)
  Sigmund (D:3)
  2 wyverns
  A wraith (D:10)
  16 yaks
  3 steam dragons
  A vampire mosquito (D:7)
  A warg (D:10)
  An acid dragon (D:10)
  A water moccasin (D:6)
  A nameless horror (D:10)
  6 orc warriors
  A sky beast (D:8)
  3 black bears
  2 ogres
  4 wolves (Lair:1)
  4 centaurs
  3 phantoms
  A lemure (D:7)
  A kobold brigand (D:10)
  A gnoll sergeant (D:6)
  8 bullfrogs
  2 scorpions (D:6)
  A wight (D:7)
  7 killer bees
  5 howler monkeys
  2 electric eels (D:9)
  7 hounds
  3 jellies
  5 orc priests
  Terence (D:2)
  5 iguanas
  4 sleepcaps
  7 orc wizards
  Robin (D:2)
  3 gnolls (D:6)
  8 adders
  A shadow imp (D:7)
  2 white imps
  2 ufetubi
  A worm (D:2)
  4 dart slugs
  31 orcs
  6 ball pythons
  7 bats
  8 endoplasms
  5 giant cockroaches
  12 goblins
  8 hobgoblins
  9 jackals
  3 quokkas
  7 frilled lizards
  11 kobolds
  7 rats
272 creatures vanquished.

Vanquished Creatures (collateral kills)
  2 blink frogs (Lair:1)
  5 yaks (D:10)
7 creatures vanquished.

Vanquished Creatures (others)
  A fungus (Lair:1)
  3 plants
4 creatures vanquished.

Grand Total: 283 creatures vanquished

Notes
Turn   | Place    | Note
-------+----------+-------------------------------------------
     0 | D:1      | themarg the Demonspawn Air Elementalist began the quest for
                  | the Orb.
     0 | D:1      | Reached XP level 1. HP: 13/13 MP: 3/3
   317 | D:1      | Reached skill level 3 in Air Magic
   363 | D:1      | Gained mutation: You regenerate a little health from kills.
                  | [demonic ancestry]
   363 | D:1      | Reached XP level 2. HP: 19/19 MP: 3/5
   975 | D:1      | Gained mutation: You have a pair of small antennae on your
                  | head. [demonic ancestry]
   975 | D:1      | Reached XP level 3. HP: 20/24 MP: 3/6
  1284 | D:1      | Learned a level 2 spell: Static Discharge
  1339 | D:2      | Noticed Robin
  2337 | D:2      | Killed Robin
  2338 | D:2      | Reached XP level 4. HP: 30/30 MP: 0/7
  2826 | D:2      | Noticed Terence
  2831 | D:2      | Killed Terence
  2832 | D:2      | Reached skill level 4 in Air Magic
  3325 | D:3      | Noticed Sigmund
  3590 | D:3      | Reached XP level 5. HP: 33/35 MP: 3/8
  4155 | D:3      | You fall into a shaft and drop 3 floors!
  4158 | D:5      | Entered Level 5 of the Dungeon
  4169 | D:5      | Reached skill level 5 in Air Magic
  4170 | D:4      | Noticed an ogre
  4463 | D:5      | Gained mutation: When seriously injured, your blood forms
                  | armour. (AC +12) [demonic ancestry]
  4463 | D:5      | Reached XP level 6. HP: 27/41 MP: 2/9
  4703 | D:5      | Reached skill level 6 in Air Magic
  4808 | D:5      | Found a runed translucent gate.
  4808 | D:5      | Found a runed translucent gate.
  4809 | D:5      | Found a runed translucent gate.
  4810 | D:5      | Noticed an orc warrior
  4810 | D:5      | Noticed Keeumabr's ghost (novice GnTm)
  4812 | D:5      | Noticed an orc warrior
  5001 | D:3      | Found a faded altar of an unknown god.
  5130 | D:3      | Killed Sigmund
  5131 | D:3      | Reached skill level 7 in Air Magic
  5131 | D:3      | Gained mutation: You have a pair of antennae on your head.
                  | [demonic ancestry]
  5131 | D:3      | Reached XP level 7. HP: 23/46 MP: 3/10
  5724 | D:4      | Found a runed translucent door.
  5727 | D:4      | Noticed Grieffels's ghost (amateur DsBe)
  5744 | D:4      | Found a staircase to the Ecumenical Temple.
  5750 | Temple   | Entered the Ecumenical Temple
  5802 | Temple   | Became a worshipper of Vehumet
  5932 | D:4      | Identified the +2 scale mail "Zovvavun" {rCorr Dex+3}
  7085 | D:5      | Reached skill level 8 in Air Magic
  7276 | D:6      | Gained mutation: When seriously injured, your blood forms
                  | thick armour. (AC +12) [demonic ancestry]
  7276 | D:6      | Reached XP level 8. HP: 27/52 MP: 0/11
  7852 | D:6      | HP: 2/52 [/static electricity (1)]
  7856 | D:6      | Reached * piety under Vehumet
  7856 | D:6      | Offered knowledge of Kiss of Death by Vehumet.
  7857 | D:6      | Reached skill level 5 in Conjurations
  7857 | D:6      | Reached skill level 9 in Air Magic
  7862 | D:6      | Learned a level 4 spell: Airstrike
  8618 | D:7      | Noticed a kobold demonologist
  8618 | D:7      | Noticed Yelwes's ghost (novice DjTm)
  8618 | D:7      | Found a runed translucent gate.
  8618 | D:7      | Found a runed translucent gate.
  8619 | D:7      | Found a runed translucent gate.
  8893 | D:7      | Gained mutation: You may rarely emit foul miasma when
                  | damaged in melee. [demonic ancestry]
  8893 | D:7      | Reached XP level 9. HP: 46/57 MP: 3/12
  9001 | D:7      | Reached skill level 10 in Air Magic
  9035 | D:7      | Reached skill level 1 in Fighting
  9127 | D:7      | Noticed a gargoyle
  9371 | D:7      | Noticed Pikel
  9489 | D:7      | Killed Pikel
  9991 | D:7      | Killed a gargoyle
 10257 | D:8      | Offered knowledge of Freeze by Vehumet.
 10258 | D:8      | Reached ** piety under Vehumet
 10315 | D:8      | Noticed Erica
 10328 | D:8      | HP: 3/65 [Erica/+1 scimitar of flaming (9)]
 10333 | D:8      | Killed Erica
 10334 | D:8      | Reached skill level 5 in Fighting
 10334 | D:8      | Reached skill level 5 in Dodging
 10561 | D:8      | Found Luthruu's Weapon Boutique.
 10587 | D:8      | Reached skill level 1 in Throwing
 10587 | D:8      | Gained mutation: When seriously injured, your blood forms
                  | very thick armour. (AC +12) [demonic ancestry]
 10587 | D:8      | Reached XP level 10. HP: 14/74 MP: 7/13
 10888 | D:8      | Identified the +4 war axe "Hiut" {freeze, rC+ Str-3 Dex+3}
 11677 | D:9      | Found a staircase to the Lair.
 11807 | D:9      | Noticed a purple ugly thing
 11818 | D:9      | Killed a purple ugly thing
 11819 | D:9      | Reached skill level 5 in Spellcasting
 11819 | D:9      | Reached skill level 5 in Earth Magic
 11819 | D:9      | Reached skill level 1 in Evocations
 11863 | D:9      | Noticed Maggie
 11875 | D:9      | Killed Maggie
 12476 | D:9      | Learned a level 3 spell: Stone Arrow
 12481 | D:9      | Learned a level 4 spell: Summon Lightning Spire
 12490 | D:10     | Entered Level 10 of the Dungeon
 12541 | D:10     | Reached skill level 1 in Summonings
 12624 | D:10     | Offered knowledge of Volatile Blastmotes by Vehumet.
 12795 | D:10     | Noticed a sun demon
 12799 | D:10     | Gained mutation: You sometimes emit foul miasma when
                  | damaged in melee. [demonic ancestry]
 12799 | D:10     | Reached XP level 11. HP: 73/79 MP: 8/18
 12811 | D:10     | Noticed a two-headed ogre
 13014 | D:10     | Reached *** piety under Vehumet
 13268 | D:10     | Found a staircase to the Orcish Mines.
 13307 | D:10     | Reached skill level 5 in Shields
 13615 | D:10     | Identified the +0 leather armour of the Butcher {SInv}
 13673 | D:10     | Killed a two-headed ogre
 13900 | D:10     | Offered knowledge of Mephitic Cloud by Vehumet.
 13905 | D:10     | Learned a level 3 spell: Mephitic Cloud
 13968 | D:10     | Reached skill level 1 in Poison Magic
 14044 | D:11     | Noticed a two-headed ogre
 14051 | D:11     | Noticed a boulder beetle
 14051 | D:11     | Noticed Nutipyim's ghost (journeyman HOFi)
 14060 | D:11     | Found a runed translucent gate.
 14060 | D:11     | Found a runed translucent gate.
 14060 | D:11     | Found a runed translucent gate.
 14887 | Lair:1   | Entered Level 1 of the Lair of Beasts
 14995 | Lair:1   | Reached **** piety under Vehumet
 15050 | Lair:1   | Noticed a catoblepas
 15064 | Lair:1   | Killed a catoblepas
 15075 | Lair:1   | Gained mutation: You are robust. (+10% HP) [demonic
                  | ancestry]
 15075 | Lair:1   | Reached XP level 12. HP: 14/103 MP: 19/19
 15100 | Lair:1   | Offered knowledge of Inner Flame by Vehumet.
 15139 | Lair:1   | Found a gate leading to a gauntlet.
 15148 | Gauntlet | Entered a Gauntlet
 15148 | Gauntlet | Found a transporter.
 15153 | Gauntlet | Noticed a balrug
 15187 | Gauntlet | Found a transporter.
 15188 | Gauntlet | Found a transporter.
 15189 | Gauntlet | Found a transporter.
 15192 | Gauntlet | Found a transporter.
 15193 | Gauntlet | Found a transporter.
 15201 | Gauntlet | Found a transporter.
 15201 | Gauntlet | Noticed a ghost crab
 15209 | Gauntlet | Found a transporter.
 15265 | Gauntlet | Noticed a quicksilver ooze
 15268 | Gauntlet | Found a transporter.
 15288 | Gauntlet | Found a transporter.
 15288 | Gauntlet | Found a transporter.
 15308 | Gauntlet | Found a transporter.
 15360 | Gauntlet | Killed a quicksilver ooze
 15364 | Gauntlet | Identified the ring of Foolhardiness {+Blink rC+ rCorr
                  | Int+4 SInv}
 15539 | Gauntlet | Killed from afar by a meliai

Illustrated notes

Levels and vault maps discovered:
D:1:      psy_arrival_basics, layout_basic, minmay_fountain_box
D:2:      minmay_general_purpose_star, layout_loops_ring,
          chequers_serial_rivers_micro_e, uniq_robin, uniq_terence
D:3:      layout_loops_cross, hellmonk_ecumenical_altar_leap_of_faith,
          kennysheep_generic_room_10, uniq_sigmund
D:4:      layout_rooms, zin_treasury, temple_statues, ebering_ghost_inner_flame
D:5:      layout_layer_cave, gammafunk_ghost_split, hex_medium
D:6:      layout_cave_pools
D:7:      hangedman_cross_stitches, layout_cave_pools,
          gammafunk_ghost_nasty_kobolds, dk_noncrumbling_2, uniq_pikel
D:8:      layout_cave_pools, serial_shops, nicolae_diamond_shop, uniq_erica
D:9:      layout_basic, lair_entry_dummy, hangedman_abyss_or_decor_stabs,
          serial_bayou_pond_c, uniq_maggie
D:10:     layout_basic, david_orc_1_choice, minmay_increasing_density
D:11:     layout_roguey, gammafunk_ghost_split
Temple:   compressed_dpeg_triangle_lava_temple
Lair:1:   layout_chaotic_city, gauntlet_entry_generic,
          gammafunk_ghost_berserking_beasts, grunt_forest_small_clearing_treed,
          infiniplex_staircase_pool
Gauntlet: minmay_gauntlet_mixed_oops_all_seconds [minmay_gauntlet_arena_77_fan,
          nicolae_gauntlet_arena_x, minmay_gauntlet_arena_77_block_sizes,
          gammafunk_gauntlet_arena_grid, minmay_gauntlet_arena_77_mess,
          nicolae_gauntlet_swirl, gauntlet_exit_watery]

Skill      XL: |  1  2  3  4  5  6  7  8  9 10 11 12 |
---------------+-------------------------------------+-----
Stealth        | 2 3 |  3.0
Air Magic      | 3 4 5 7 8 9 10 | 10.0
Conjurations   | 2 3 5 6 |  6.0
Fighting       | 5 8 9 |  9.9
Dodging        | 5 |  5.0
Earth Magic    | 3 5 6 |  6.0
Throwing       | 1 2 |  2.0
Spellcasting   | 5 |  5.0
Evocations     | 2 |  2.0
Shields        | 4 5 |  5.0
Summonings     | 2 4 |  4.0
Poison Magic   | 3 |  3.0

Action                     |  1- 3 |  4- 6 |  7- 9 | 10-12 || total
---------------------------+-------+-------+-------+-------++-------
  Melee: Unarmed           |     6 |       |       |       ||     6
         Dagger            |    16 |    42 |    46 |       ||   104
         War axe           |       |       |    29 |   109 ||   138
         Punch             |       |       |       |     1 ||     1
   Cast: Shock             |    96 |    44 |    89 |     3 ||   232
         Static Discharge  |     1 |    40 |    76 |    95 ||   212
         Airstrike         |       |       |    23 |    79 ||   102
         Summon Lightning  |       |       |       |    10 ||    10
         Stone Arrow       |       |       |       |     3 ||     3
         Mephitic Cloud    |       |       |       |     2 ||     2
  Evoke: Wand              |       |       |       |     4 ||     4
    Use: Scroll            |       |       |     9 |    10 ||    19
         Potion            |       |       |     3 |     4 ||     7
   Stab: Sleeping          |       |     3 |       |     1 ||     4
         Petrified         |       |       |       |    10 ||    10
         Distracted        |       |       |       |     1 ||     1
 Armour: Robe              |    10 |    16 |    30 |    11 ||    67
         Troll leather arm |       |       |       |    70 ||    70
  Dodge: Dodged            |    28 |    76 |   164 |   314 ||   582
  Block: Buckler           |       |       |       |     8 ||     8

Table legend: (Time is in decaauts)
 A = Elapsed time spent in this place.
 B = Non-inter-level travel time spent in this place.
 C = Inter-level travel time spent in this place.
 D = Time resting spent in this place.
 E = Time spent auto-exploring this place.
 F = Levels seen in this place.
 G = Mean time per level.
                   A        B        C        D        E       F      G
               +--------+--------+--------+--------+--------+-----+--------+
         Total |  15627 |  14933 |    694 |   1981 |  10331 |  14 | 1116.2 |
       Dungeon |  14886 |  14192 |    694 |   1799 |  10204 |  11 | 1353.3 |
        Temple |     57 |     57 |      0 |      0 |      0 |   1 |   57.0 |
          Lair |    289 |    289 |      0 |      0 |      0 |   1 |  289.0 |
      Gauntlet |    393 |    393 |      0 |    182 |    127 |   1 |  393.0 |
               +--------+--------+--------+--------+--------+-----+--------+

Top non-repeatable levels by time:
     D:6: 1879 daAuts
     D:2: 1765 daAuts
     D:5: 1757 daAuts
     D:9: 1656 daAuts
     D:1: 1542 daAuts
    D:10: 1417 daAuts
     D:3: 1262 daAuts
     D:7: 1130 daAuts
     D:8: 905 daAuts
     D:4: 869 daAuts
    D:11: 699 daAuts
Gauntlet: 393 daAuts
  Lair:1: 289 daAuts
  Temple: 57 daAuts
